 Dungeon Crawl Stone Soup version 0.30-a0-691-g754fce4c43 (webtiles) character file.

Game seed: 10683160656882051941

1596 IdlyInterested the Basher (level 8, 0/60 HPs)
             Began as a Demonspawn Gladiator on Jan 19, 2023.
             Slain by a vampire (4 damage)
             ... on level 7 of the Dungeon.
             The game lasted 00:18:22 (5522 turns).

IdlyInterested the Basher (Demonspawn Gladiator)    Turns: 5522, Time: 00:18:22

Health: 0/60       AC: 13    Str: 18    XL:     8   Next: 62%
Magic:  8/8        EV: 11    Int:  9    God:
Gold:   68         SH:  0    Dex: 14    Spells: 7/7 levels left

rFire   . . .      SeeInvis .    a - +1 flail
rCold   . . .      Faith    .    (no shield)
rNeg    . . .      Spirit   .    u - +3 ring mail
rPois   .          Reflect  .    f - +0 helmet
rElec   .          Harm     .    I - +0 cloak
rCorr   .          Rampage  .    (no gloves)
Will    .....                    (no boots)
Stlth   ++                       n - amulet of magic regeneration
HPRegen 0.30/turn                (no ring)
MPRegen 0.51/turn                (no ring)

@: mighty
A: hooves 2, slimy green scales 2, demonic guardian 1, powered by pain 1
a: no special abilities


You were on level 7 of the Dungeon.
You visited 1 branch of the dungeon, and saw 7 of its levels.
You also visited: Ossuary.

You collected 436 gold pieces.
You spent 368 gold pieces at shops.

Inventory:

Hand Weapons
 a - a +1 flail (weapon)
 o - a +1 whip of venom
Missiles
 d - 5 throwing nets
 e - 4 javelins
 i - 45 stones (quivered)
 p - 2 atropa-tipped darts
 D - 3 boomerangs
 H - 6 poisoned darts
Armour
 f - a +0 helmet (worn)
 h - a +0 hat
 u - a +3 ring mail (worn)
 I - a +0 cloak (worn)
Magical Staves
 k - a staff of earth
 r - a staff of death
Jewellery
 n - an amulet of magic regeneration (around neck)
 y - a ring of fire
Wands
 F - a wand of quicksilver (27)
Scrolls
 b - 2 scrolls of amnesia
 c - a scroll of magic mapping
 g - 3 scrolls of teleportation
 q - a scroll of blinking
 z - a scroll of fear
 A - a scroll of enchant armour
 B - a scroll of poison
 C - 4 scrolls of identify
 E - a scroll of enchant weapon
 G - a scroll of brand weapon {unknown}
Potions
 j - a potion of invisibility
 l - 2 potions of curing
 m - a potion of resistance
 s - 2 potions of attraction
 t - 2 potions of lignification
 v - a potion of cancellation
 x - a potion of mutation


   Skills:
 - Level 4.0 Fighting
 + Level 9.0 Maces & Flails
 - Level 1.7 Throwing
 * Level 2.0 Armour
 - Level 3.0 Dodging
 - Level 3.0 Stealth


You had 7 spell levels left.
You didn't know any spells.
Your spell library contained the following spells:

 Spells                   Type           Power      Damage    Failure   Level
 Magic Dart               Conj           0%         1d3       56%         1
 Shock                    Conj/Air       0%         1d3       56%         1
 Cigotuvi's Dreadful Rot  Necr/Pois/Air  0%         N/A       71%         2
 Lesser Beckoning         Tloc           0%         N/A       71%         2
 Searing Ray              Conj           0%         2d4       71%         2
 Gell's Gravitas          Tloc           0%         N/A       91%         3
 Swiftness                Air            0%         N/A       91%         3
 Teleport Other           Tloc           0%         N/A       91%         3
 Airstrike                Air            0%         2d(0-16)  100%        4
 Dispel Undead            Necr           0%         3d6       100%        4
 Fulminant Prism          Conj/Hex       0%         3d5       100%        4
 Death Channel            Necr           0%         N/A       100%        6
 Dispersal                Tloc           0%         N/A       100%        6


Dungeon Overview and Level Annotations

Branches:
Dungeon (7/15)            Ossuary (visited)
 Temple: D:4-7

Altars:
Hepliaklqana
Kikubaaqudgha
Vehumet

Shops:
D:5 (:(?=


Innate Abilities, Weirdness & Mutations

You have hoof-like feet.
You are mostly covered in slimy green scales. (AC +3)
A weak demonic guardian rushes to your aid.
You sometimes gain a little power by taking damage.


Message History

You miss something. Your kick misses something.
You hear some strange, mumbled words.
You are more confused.
Your shadow imp barely misses something.
You miss something. Something hits you but does no damage. Something bites you.
* * * LOW HITPOINT WARNING * * *
Something draws strength from your injuries!
Your shadow imp closely misses something.
You bump into the rock wall.
Something hits you but does no damage. Something bites you but does no damage.
Your shadow imp closely misses something.
You feel better. Something hits you!
* * * LOW HITPOINT WARNING * * *
You focus on the pain.
You feel very mighty all of a sudden. Something bites you.
* * * LOW HITPOINT WARNING * * *
Something draws strength from your injuries!
Your shadow imp barely misses something.
You barely miss something. Your kick misses something.
Something hits you but does no damage. Something bites you but does no damage.
Your shadow imp hits something but does no damage.
You barely miss something. Something hits you.
* * * LOW HITPOINT WARNING * * *
Something bites you.
* * * LOW HITPOINT WARNING * * *
Something draws strength from your injuries!
Your shadow imp barely misses something.
You feel better. Something hits you!
* * * LOW HITPOINT WARNING * * *
Something bites you but does no damage.
Your shadow imp closely misses something.
You feel better. Something hits you.
* * * LOW HITPOINT WARNING * * *
A demonic guardian appears!
Something bites you.
* * * LOW HITPOINT WARNING * * *
Something draws strength from your injuries!
Your shadow imp closely misses something.
Something hits you.
You die...

#.#.########.# #.
#.#........#.###
#<
##.#...###......#
## .......#
#......# #.
.......# #......+
#. ......##
#......####### #.
......#
##............ #
##.#..#
#####5######
......# #.@#
.....<# #{...#
.†..#)# #.5..#
....))# #.....#
####### ##....#
#....# ###..# #.#


You could see 2 friendly shadow imps.

Vanquished Creatures
  An ogre (D:6)
  2 centaurs
  2 phantoms
  An elf zombie (Ossuary)
  2 necrophages
  3 bullfrogs
  A scorpion (D:7)
  A howler monkey (D:6)
  A human zombie (Ossuary)
  A jelly (D:5)
  Crazy Yiuf (D:6)
  A gnoll bouda (D:7)
  An orc priest (D:6)
  5 hounds
  4 iguanas
  2 orc wizards
  A hound zombie (Ossuary)
  4 mummies (Ossuary)
  7 adders
  5 gnolls (D:7)
  2 white imps
  2 worms (D:3)
  2 dart slugs (D:1)
  9 orcs
  5 endoplasms
  6 giant cockroaches
  2 gnoll zombies (Ossuary)
  3 goblins
  4 hobgoblins
  5 kobolds
  6 quokkas
  4 ball pythons
  4 bats
  2 frilled lizards
  A hobgoblin zombie (Ossuary)
  A jackal zombie (Ossuary)
  2 kobold zombies (Ossuary)
  5 rats
  2 rat zombies (Ossuary)
  4 butterflies (D:1)
117 creatures vanquished.

Vanquished Creatures (collateral kills)
  An adder (D:2)
  A rat zombie (Ossuary)
2 creatures vanquished.

Grand Total: 119 creatures vanquished

Notes
Turn   | Place    | Note
-------+----------+-------------------------------------------
     0 | D:1      | IdlyInterested the Demonspawn Gladiator began the quest for
                  | the Orb.
     0 | D:1      | Reached XP level 1. HP: 16/16 MP: 1/1
   189 | D:1      | Found a faded altar of an unknown god.
   214 | D:1      | Reached skill level 3 in Maces & Flails
   252 | D:1      | Gained mutation: You are partially covered in slimy green
                  | scales. (AC +2) [demonic ancestry]
   252 | D:1      | Reached XP level 2. HP: 20/22 MP: 2/2
   598 | D:1      | Gained mutation: A weak demonic guardian rushes to your
                  | aid. [demonic ancestry]
   598 | D:1      | Reached XP level 3. HP: 28/28 MP: 3/3
  1502 | D:3      | Reached skill level 4 in Maces & Flails
  1502 | D:3      | Gained mutation: You have large cloven feet. [demonic
                  | ancestry]
  1502 | D:3      | Reached XP level 4. HP: 34/34 MP: 4/4
  2296 | D:4      | Noticed a necrophage
  2310 | D:4      | Killed a necrophage
  2311 | D:4      | Gained mutation: You have hoof-like feet. [demonic
                  | ancestry]
  2311 | D:4      | Reached XP level 5. HP: 40/41 MP: 5/5
  2409 | D:4      | Noticed a phantom
  2431 | D:4      | Killed a phantom
  2432 | D:4      | Reached skill level 5 in Maces & Flails
  2432 | D:4      | Gained mutation: You are mostly covered in slimy green
                  | scales. (AC +3) [demonic ancestry]
  2432 | D:4      | Reached XP level 6. HP: 28/48 MP: 6/6
  2433 | D:4      | Found a sand-covered staircase.
  2449 | Ossuary  | Entered an ossuary
  2502 | Ossuary  | Reached skill level 6 in Maces & Flails
  2502 | Ossuary  | Reached skill level 1 in Stealth
  2849 | D:4      | Gained mutation: You sometimes gain a little power by
                  | taking damage. [demonic ancestry]
  2849 | D:4      | Reached XP level 7. HP: 40/54 MP: 7/7
  3286 | D:5      | Entered Level 5 of the Dungeon
  3483 | D:5      | Found Zalo Jue's Magic Scroll Shoppe.
  3504 | D:5      | Bought a scroll of enchant armour for 82 gold pieces
  3504 | D:5      | Bought a scroll of poison for 44 gold pieces
  3504 | D:5      | Bought a scroll of identify for 22 gold pieces
  3504 | D:5      | Bought a scroll of identify for 22 gold pieces
  3504 | D:5      | Bought a scroll of teleportation for 33 gold pieces
  3842 | D:5      | Found Ohiaph's Book Boutique.
  3854 | D:5      | Found Iluggos's Weapon Boutique.
  3895 | D:5      | Found Vaxet's Weapon Shoppe.
  3933 | D:5      | Reached skill level 7 in Maces & Flails
  4011 | D:5      | Found Tivva's Jewellery Emporium.
  4186 | D:5      | Bought 3 javelins for 108 gold pieces
  4197 | D:5      | Bought 4 stones for 5 gold pieces
  4197 | D:5      | Bought 3 stones for 3 gold pieces
  4197 | D:5      | Bought 5 stones for 6 gold pieces
  4364 | D:5      | Bought 6 poisoned darts for 43 gold pieces
  4540 | D:6      | Reached XP level 8. HP: 60/60 MP: 8/8
  4550 | D:6      | Reached skill level 8 in Maces & Flails
  4642 | D:6      | Found a runed translucent door.
  4643 | D:6      | Noticed Crazy Yiuf
  4674 | D:6      | Found an ancient bone altar of Kikubaaqudgha.
  4674 | D:6      | Found a radiant altar of Vehumet.
  4887 | D:6      | Found a hazy altar of Hepliaklqana.
  4945 | D:6      | Killed Crazy Yiuf
  5130 | D:7      | Reached skill level 1 in Armour
  5310 | D:7      | Reached skill level 9 in Maces & Flails
  5510 | D:7      | HP: 1/60 [something (8)]
  5519 | D:7      | HP: 3/60 [something (1)]
  5522 | D:7      | Slain by a vampire

Illustrated notes

Levels and vault maps discovered:
D:1:      spicycebolla_arrival_clurvy, layout_basic,
          shapermc_ecumenical_altar_starsandcircs, serial_bayou_pond_a,
          chequers_serial_rivers_room_a
D:2:      layout_loops_ring
D:3:      layout_loops_ring
D:4:      layout_basic, nicolae_ossuary_entry_monument
D:5:      layout_loops_ring, serial_shops, shop, shop, shop,
          nicolae_shop_bloodbath_and_beyond, shop
D:6:      layout_cave_pools, grunt_temple_overflow_open, minmay_pentangle,
          uniq_crazy_yiuf_cottage
D:7:      minmay_opposing_rooms, layout_basic, mainiacjoe_overflow_paths,
          minmay_temple_entry_large_hall, dilly_guarded_unrand_devastator,
          uniq_maggie

Skill      XL: |  1  2  3  4  5  6  7  8 |
---------------+-------------------------+-----
Maces & Flails | 3 4 5 6 7 9 |  9.0
Fighting       | 3 4 |  4.0
Stealth        | 1 2 3 |  3.0
Dodging        | 3 |  3.0
Armour         | 2 |  2.0
Throwing       | |  1.7

Action                   |  1- 3 |  4- 6 |  7- 9 || total
-------------------------+-------+-------+-------++-------
Melee: Flail             |   104 |    64 |    11 ||   179
       Punch             |     1 |     1 |       ||     2
       Whip              |    19 |    89 |   176 ||   284
       Kick              |       |    52 |    63 ||   115
Throw: Stone             |       |     3 |     4 ||     7
  Use: Scroll            |     5 |     8 |     6 ||    19
       Potion            |       |     1 |     8 ||     9
 Stab: Sleeping          |     1 |       |     1 ||     2
Armor: Leather armour    |    53 |       |       ||    53
       Ring mail         |       |   110 |    66 ||   176
       Scale mail        |       |     9 |       ||     9
Dodge: Dodged            |    84 |   127 |    79 ||   290

Table legend: (Time is in decaauts)
 A = Elapsed time spent in this place.
 B = Non-inter-level travel time spent in this place.
 C = Inter-level travel time spent in this place.
 D = Time resting spent in this place.
 E = Time spent auto-exploring this place.
 F = Levels seen in this place.
 G = Mean time per level.
                   A        B        C        D        E       F      G
               +--------+--------+--------+--------+--------+-----+--------+
         Total |   5476 |   4558 |    918 |    405 |   2669 |   8 |  684.5 |
       Dungeon |   5138 |   4220 |    918 |    292 |   2577 |   7 |  734.0 |
       Ossuary |    338 |    338 |      0 |    113 |     92 |   1 |  338.0 |
               +--------+--------+--------+--------+--------+-----+--------+

Top non-repeatable levels by time:
     D:4: 971 daAuts
     D:5: 878 daAuts
     D:1: 810 daAuts
     D:2: 706 daAuts
     D:3: 677 daAuts
     D:6: 656 daAuts
     D:7: 437 daAuts
 Ossuary: 338 daAuts
